[ AOE2 MATCH · #488840171 ]
UnrankedEthiopians vs Shu
[ REPLAY ANALYSIS · EXTRACTED FROM THE RECORDED GAME ]
Feudal
8:01
Castle
—
Imperial
—
| APM avg | 75.2 |
| APM peak | 116 |
| eAPM avg | 23.8 |
| Villagers / military | 40 / 24 |
Focus
⚔️ 39.3% · 🌾 60.7%
Archer ×23 · Spearman ×1
Feudal
8:29
Castle
—
Imperial
—
| APM avg | 44.4 |
| APM peak | 76 |
| eAPM avg | 16.1 |
| Villagers / military | 48 / 36 |
Focus
⚔️ 26.5% · 🌾 73.5%
Archer ×35 · Spearman ×1
Feudal
7:42
Castle
—
Imperial
—
| APM avg | 47.5 |
| APM peak | 84 |
| eAPM avg | 16.9 |
| Villagers / military | 41 / 17 |
Focus
⚔️ 24.3% · 🌾 75.7%
Scout Cavalry ×16 · Spearman ×1
Feudal
7:15
Castle
—
Imperial
—
| APM avg | 73.6 |
| APM peak | 114 |
| eAPM avg | 28.0 |
| Villagers / military | 48 / 22 |
Focus
⚔️ 41.9% · 🌾 58.1%
Scout Cavalry ×21 · Militia ×1
Match map
Initial resources + every placement click. Lines = walls · curves = elevation contours. ◆ gold · ⬟ stone · ● berries · ✦ relic · ◌ wall gap
Your base· Open — unwalled flank
LM | Bumpi's base· Open — unwalled flank
LM | Gelga's base· Open — unwalled flank
|FMG| TINCHO's base· Open — unwalled flank
Smoothed initial terrain · ◌ = detected wall gap · hover for details
Inputs per minute
— FMG | Camilo - - LM | Bumpi
Build order — FMG | Camilo
105 actions detected in the replay
| 0:01 | Research | Loom |
| 0:02 | Research | Loom |
| 0:03 | Build | House |
| 0:04 | Build | House |
| 0:15 | Create | Villager (Male) |
| 0:15 | Create | Villager (Male) |
| 0:33 | Create | Villager (Male) |
| 0:33 | Create | Villager (Male) |
| 0:33 | Create | Villager (Male) |
| 1:04 | Build | Lumber Camp |
| 1:13 | Create | Villager (Male) |
| 1:13 | Create | Villager (Male) |
| 1:49 | Create | Villager (Male) |
| 1:49 | Create | Villager (Male) |
| 2:09 | Create | Villager (Male) |
| 2:10 | Create | Villager (Male) |
| 2:43 | Build | House |
| 2:45 | Create | Villager (Male) |
| 3:08 | Create | Villager (Male) |
| 3:30 | Create | Villager (Male) |
| 3:50 | Create | Villager (Male) |
| 4:15 | Build | Mill |
| 4:22 | Build | Mining Camp |
| 4:55 | Create | Villager (Male) |
| 5:24 | Create | Villager (Male) |
| 5:50 | Research | Feudal Age |
| 5:50 | Research | Feudal Age |
| 5:59 | Build | House |
| 7:11 | Build | Barracks |
| 8:01 | Age | Feudal Age |
| 8:04 | Build | Archery Range |
| 8:06 | Create | Villager (Male) |
| 8:23 | Build | Archery Range |
| 8:28 | Create | Villager (Male) |
| 8:55 | Create | Villager (Male) |
| 8:56 | Create | Archer |
| 9:02 | Build | House |
| 9:15 | Create | Archer |
| 9:16 | Create | Villager (Male) |
| 9:26 | Build | Blacksmith |
| 9:31 | Create | Villager (Male) |
| 9:51 | Create | Archer |
| 9:59 | Research | Fletching |
| 10:01 | Build | House |
| 10:04 | Create | Villager (Male) |
| 10:07 | Create | Archer |
| 10:07 | Create | Archer |
| 10:19 | Build | Watch Tower |
| 10:26 | Create | Archer |
| 10:28 | Build | House |
| 10:55 | Create | Villager (Male) |
| 10:55 | Create | Villager (Male) |
| 10:57 | Create | Archer |
| 11:13 | Build | Mill |
| 11:14 | Create | Villager (Male) |
| 11:25 | Create | Archer |
| 11:33 | Create | Archer |
| 11:56 | Create | Archer |
| 11:56 | Create | Archer |
| 11:57 | Create | Villager (Male) |
| 12:12 | Create | Archer |
| 12:31 | Create | Archer |
| 12:35 | Build | House |
| 13:07 | Create | Archer |
| 13:08 | Create | Archer |
| 13:09 | Create | Villager (Male) |
| 13:11 | Build | House |
| 13:12 | Build | House |
| 13:25 | Create | Villager (Male) |
| 13:27 | Build | Farm |
| 13:59 | Create | Villager (Male) |
| 14:00 | Create | Archer |
| 14:00 | Create | Archer |
| 14:03 | Build | Farm |
| 14:08 | Create | Archer |
| 14:22 | Create | Villager (Male) |
| 14:27 | Build | House |
| 14:51 | Create | Villager (Male) |
| 14:53 | Build | Farm |
| 14:54 | Build | Farm |
| 14:55 | Build | Farm |
| 15:06 | Research | Double-Bit Axe |
| 15:06 | Research | Double-Bit Axe |
| 15:18 | Create | Villager (Male) |
| 15:24 | Create | Archer |
| 15:24 | Create | Archer |
| 15:46 | Create | Villager (Male) |
| 15:49 | Create | Archer |
| 15:49 | Create | Archer |
| 15:55 | Build | Farm |
| 16:21 | Create | Villager (Male) |
| 16:33 | Build | Market |
| 16:36 | Create | Villager (Male) |
| 16:43 | Build | House |
| 16:51 | Create | Spearman |
| 17:28 | Build | Farm |
| 17:33 | Create | Villager (Male) |
| 17:53 | Research | Town Watch |
| 18:46 | Create | Villager (Male) |
| 19:09 | Build | Mining Camp |
| 19:17 | Create | Villager (Male) |
| 19:32 | Research | Castle Age |
| 19:33 | Research | Castle Age |
| 19:44 | Create | Villager (Male) |
| 19:47 | Create | Archer |
Build order — LM | Bumpi
126 actions detected in the replay
| 0:02 | Research | Loom |
| 0:03 | Build | House |
| 0:04 | Build | House |
| 0:28 | Create | Villager (Male) ×4 |
| 0:29 | Create | Villager (Male) ×4 |
| 1:34 | Build | Lumber Camp |
| 1:45 | Create | Villager (Male) |
| 1:45 | Create | Villager (Male) |
| 2:26 | Create | Villager (Male) |
| 2:27 | Create | Villager (Male) |
| 2:27 | Create | Villager (Male) |
| 3:32 | Build | House |
| 3:38 | Create | Villager (Male) |
| 3:38 | Create | Villager (Male) |
| 3:38 | Create | Villager (Male) |
| 4:23 | Create | Villager (Male) |
| 4:23 | Create | Villager (Male) |
| 5:11 | Build | House |
| 5:36 | Build | Mining Camp |
| 5:41 | Build | Mining Camp |
| 5:46 | Create | Villager (Male) |
| 6:18 | Research | Feudal Age |
| 6:18 | Research | Feudal Age |
| 6:18 | Research | Feudal Age |
| 7:09 | Build | Barracks |
| 7:13 | Create | Villager (Male) |
| 7:13 | Create | Villager (Male) |
| 8:29 | Age | Feudal Age |
| 8:30 | Build | Archery Range |
| 8:37 | Build | Archery Range |
| 9:05 | Build | House |
| 9:10 | Create | Villager (Male) |
| 9:27 | Create | Archer |
| 9:34 | Build | Palisade Wall |
| 9:43 | Build | Watch Tower |
| 9:47 | Create | Villager (Male) |
| 9:47 | Create | Villager (Male) |
| 9:49 | Create | Archer |
| 9:49 | Create | Archer |
| 9:49 | Create | Archer |
| 9:54 | Build | House |
| 10:04 | Build | Mill |
| 10:27 | Create | Spearman |
| 10:40 | Create | Villager (Male) |
| 10:40 | Create | Villager (Male) |
| 10:49 | Create | Archer |
| 10:50 | Create | Archer |
| 10:55 | Build | House |
| 11:35 | Create | Villager (Male) |
| 11:36 | Create | Villager (Male) |
| 12:05 | Build | Blacksmith |
| 12:16 | Build | House |
| 12:22 | Create | Archer |
| 12:22 | Create | Archer |
| 12:24 | Research | Fletching |
| 12:25 | Research | Fletching |
| 12:40 | Create | Archer |
| 12:41 | Create | Archer |
| 12:41 | Create | Archer |
| 13:04 | Create | Villager (Male) |
| 13:04 | Create | Villager (Male) |
| 13:05 | Create | Villager (Male) |
| 13:24 | Build | Farm |
| 13:41 | Build | House |
| 13:41 | Build | House |
| 13:42 | Build | House |
| 13:49 | Build | Farm |
| 14:13 | Build | House |
| 14:20 | Build | Farm |
| 14:23 | Create | Archer |
| 14:23 | Create | Archer |
| 14:23 | Create | Archer |
| 14:24 | Create | Archer |
| 14:26 | Create | Villager (Male) |
| 14:41 | Build | Farm |
| 14:48 | Create | Archer |
| 14:48 | Create | Archer |
| 15:00 | Create | Archer |
| 15:00 | Create | Archer |
| 15:00 | Create | Archer |
| 15:01 | Create | Archer |
| 15:15 | Create | Villager (Male) |
| 15:16 | Create | Villager (Male) |
| 15:16 | Create | Villager (Male) |
| 15:18 | Build | Farm |
| 15:33 | Create | Villager (Male) |
| 15:33 | Create | Villager (Male) |
| 15:49 | Build | Farm |
| 15:57 | Build | House |
| 15:59 | Build | House |
| 15:59 | Build | House |
| 16:04 | Create | Villager (Male) |
| 16:04 | Create | Villager (Male) |
| 16:10 | Build | Farm |
| 16:25 | Create | Archer |
| 16:26 | Create | Archer |
| 16:26 | Create | Archer |
| 16:36 | Create | Villager (Male) |
| 16:43 | Build | Farm |
| 16:49 | Build | Farm |
| 16:53 | Create | Villager (Male) |
| 17:09 | Create | Villager (Male) |
| 17:22 | Build | Farm |
| 17:56 | Create | Villager (Male) |
| 17:56 | Create | Villager (Male) |
| 18:13 | Create | Archer |
| 18:14 | Create | Archer |
| 18:14 | Create | Archer |
| 18:14 | Create | Archer |
| 18:15 | Create | Archer |
| 18:39 | Build | Market |
| 18:47 | Build | Farm |
| 18:51 | Create | Villager (Male) |
| 19:16 | Build | Farm |
| 19:19 | Create | Villager (Male) |
| 19:19 | Create | Villager (Male) |
| 19:19 | Create | Villager (Male) |
| 19:26 | Create | Archer |
| 19:27 | Create | Archer |
| 19:27 | Create | Archer |
| 19:27 | Create | Archer |
| 19:48 | Build | Mill |
| 19:48 | Build | Farm |
| 19:49 | Build | Farm |
| 20:09 | Create | Archer |
| 20:09 | Create | Archer |
Build order — LM | Gelga
105 actions detected in the replay
| 0:02 | Research | Loom |
| 0:02 | Create | Villager (Male) |
| 0:02 | Create | Villager (Male) |
| 0:02 | Create | Villager (Male) |
| 0:03 | Create | Villager (Male) |
| 0:03 | Create | Villager (Male) |
| 0:06 | Build | House |
| 0:08 | Build | House |
| 1:43 | Build | Lumber Camp |
| 1:50 | Create | Villager (Male) |
| 1:50 | Create | Villager (Male) |
| 1:51 | Create | Villager (Male) |
| 2:02 | Create | Villager (Male) |
| 2:02 | Create | Villager (Male) |
| 2:24 | Create | Villager (Male) |
| 2:47 | Build | House |
| 2:52 | Build | House |
| 4:02 | Create | Villager (Male) |
| 4:29 | Create | Villager (Male) |
| 4:42 | Build | Mill |
| 4:45 | Create | Villager (Male) |
| 5:32 | Research | Feudal Age |
| 7:19 | Build | Barracks |
| 7:42 | Age | Feudal Age |
| 7:47 | Create | Villager (Male) |
| 7:49 | Research | Double-Bit Axe |
| 7:54 | Create | Villager (Male) |
| 8:14 | Build | Stable |
| 8:19 | Build | Watch Tower |
| 8:22 | Create | Villager (Male) |
| 8:30 | Create | Spearman |
| 8:48 | Create | Villager (Male) |
| 8:54 | Create | Scout Cavalry |
| 8:54 | Create | Scout Cavalry |
| 8:56 | Build | House |
| 9:09 | Research | Horse Collar |
| 9:11 | Create | Villager (Male) |
| 9:41 | Build | House |
| 9:44 | Create | Villager (Male) |
| 9:45 | Create | Scout Cavalry |
| 10:04 | Build | Farm |
| 10:06 | Build | Farm |
| 10:13 | Create | Villager (Male) |
| 10:16 | Build | House |
| 10:23 | Create | Villager (Male) |
| 10:31 | Create | Villager (Male) |
| 10:34 | Build | Farm |
| 10:40 | Create | Villager (Male) |
| 11:00 | Create | Scout Cavalry |
| 11:06 | Build | House |
| 11:08 | Build | Farm |
| 11:24 | Create | Villager (Male) |
| 11:33 | Create | Scout Cavalry |
| 11:43 | Build | Blacksmith |
| 11:55 | Create | Scout Cavalry |
| 12:00 | Create | Villager (Male) |
| 12:03 | Build | Farm |
| 12:05 | Build | Farm |
| 12:11 | Build | Farm |
| 12:17 | Create | Scout Cavalry |
| 12:30 | Create | Scout Cavalry |
| 12:35 | Build | Farm |
| 12:51 | Build | Farm |
| 12:53 | Build | Farm |
| 13:05 | Create | Villager (Male) |
| 13:25 | Create | Villager (Male) |
| 13:28 | Create | Scout Cavalry |
| 13:32 | Build | Farm |
| 13:34 | Build | Farm |
| 13:36 | Build | Farm |
| 14:03 | Build | Farm |
| 14:05 | Create | Villager (Male) |
| 14:06 | Create | Scout Cavalry |
| 14:21 | Create | Villager (Male) |
| 14:27 | Build | Farm |
| 14:29 | Build | Farm |
| 14:35 | Create | Scout Cavalry |
| 14:39 | Build | Mining Camp |
| 14:57 | Create | Villager (Male) |
| 15:10 | Build | House |
| 15:23 | Create | Villager (Male) |
| 15:50 | Create | Villager (Male) |
| 15:57 | Build | Market |
| 16:10 | Create | Villager (Male) |
| 16:25 | Create | Villager (Male) |
| 16:46 | Create | Villager (Male) |
| 17:05 | Create | Villager (Male) |
| 17:13 | Create | Scout Cavalry |
| 17:13 | Create | Scout Cavalry |
| 17:21 | Research | Scale Barding Armor |
| 17:22 | Research | Scale Barding Armor |
| 17:35 | Create | Villager (Male) |
| 17:55 | Build | Watch Tower |
| 18:00 | Build | Mining Camp |
| 18:21 | Create | Villager (Male) |
| 18:34 | Build | Lumber Camp |
| 18:54 | Create | Scout Cavalry |
| 18:59 | Build | Farm |
| 18:59 | Build | Farm |
| 19:00 | Create | Villager (Male) |
| 19:27 | Create | Villager (Male) |
| 19:30 | Create | Scout Cavalry |
| 19:36 | Create | Scout Cavalry |
| 19:54 | Build | Palisade Wall |
| 19:58 | Build | House |
Build order — |FMG| TINCHO
124 actions detected in the replay
| 0:05 | Research | Loom |
| 0:05 | Research | Loom |
| 0:06 | Build | House |
| 0:08 | Build | House |
| 0:09 | Create | Villager (Male) |
| 0:11 | Create | Villager (Male) |
| 0:16 | Create | Villager (Male) |
| 0:17 | Create | Villager (Male) |
| 0:18 | Create | Villager (Male) |
| 1:13 | Create | Villager (Male) |
| 1:13 | Create | Villager (Male) |
| 1:38 | Create | Villager (Male) |
| 2:13 | Build | Lumber Camp |
| 2:41 | Create | Villager (Male) |
| 2:41 | Create | Villager (Male) |
| 2:48 | Create | Villager (Male) |
| 2:48 | Create | Villager (Male) |
| 2:51 | Create | Villager (Male) |
| 2:51 | Create | Villager (Male) |
| 3:31 | Build | House |
| 3:34 | Create | Villager (Male) |
| 3:34 | Create | Villager (Male) |
| 3:47 | Create | Villager (Male) |
| 3:47 | Create | Villager (Male) |
| 3:49 | Create | Villager (Male) |
| 4:20 | Build | Mill |
| 5:02 | Research | Feudal Age |
| 5:02 | Research | Feudal Age |
| 5:02 | Research | Feudal Age |
| 5:54 | Create | Villager (Male) |
| 6:23 | Build | Barracks |
| 7:15 | Age | Feudal Age |
| 7:25 | Build | Stable |
| 7:36 | Research | Double-Bit Axe |
| 7:37 | Create | Villager (Male) |
| 7:41 | Build | House |
| 7:51 | Create | Villager (Male) |
| 7:57 | Build | House |
| 8:01 | Build | House |
| 8:12 | Create | Militia |
| 8:13 | Create | Scout Cavalry |
| 8:17 | Create | Scout Cavalry |
| 8:38 | Create | Villager (Male) |
| 8:42 | Create | Villager (Male) |
| 8:51 | Create | Scout Cavalry |
| 9:10 | Research | Horse Collar |
| 9:12 | Build | Farm |
| 9:19 | Build | Farm |
| 9:19 | Create | Villager (Male) |
| 9:29 | Create | Scout Cavalry |
| 9:29 | Create | Scout Cavalry |
| 9:39 | Build | Farm |
| 10:00 | Create | Villager (Male) |
| 10:01 | Create | Scout Cavalry |
| 10:08 | Build | Farm |
| 10:15 | Build | House |
| 10:26 | Create | Villager (Male) |
| 10:36 | Create | Villager (Male) |
| 10:39 | Build | Farm |
| 10:44 | Create | Villager (Male) |
| 10:47 | Build | Farm |
| 10:55 | Create | Scout Cavalry |
| 11:02 | Create | Villager (Male) |
| 11:05 | Build | Farm |
| 11:13 | Create | Villager (Male) |
| 11:16 | Build | Farm |
| 11:33 | Create | Scout Cavalry |
| 11:38 | Build | Farm |
| 11:42 | Create | Villager (Male) |
| 11:48 | Build | House |
| 11:56 | Create | Scout Cavalry |
| 12:00 | Build | Farm |
| 12:11 | Create | Villager (Male) |
| 12:13 | Build | House |
| 12:15 | Build | House |
| 12:23 | Create | Villager (Male) |
| 12:30 | Build | Farm |
| 12:44 | Create | Scout Cavalry |
| 12:47 | Create | Villager (Male) |
| 12:49 | Build | Farm |
| 13:03 | Create | Scout Cavalry |
| 13:04 | Create | Villager (Male) |
| 13:30 | Build | Mining Camp |
| 13:44 | Build | Farm |
| 13:49 | Create | Scout Cavalry |
| 14:01 | Build | House |
| 14:13 | Create | Villager (Male) |
| 14:20 | Create | Scout Cavalry |
| 14:24 | Create | Villager (Male) |
| 14:26 | Build | Farm |
| 14:41 | Build | Blacksmith |
| 14:48 | Create | Villager (Male) |
| 14:53 | Create | Scout Cavalry |
| 15:18 | Create | Scout Cavalry |
| 15:24 | Create | Villager (Male) |
| 15:28 | Build | Farm |
| 15:37 | Research | Wheelbarrow |
| 15:40 | Research | Scale Barding Armor |
| 15:49 | Build | Farm |
| 15:54 | Research | Bloodlines |
| 15:54 | Research | Bloodlines |
| 15:54 | Research | Bloodlines |
| 16:07 | Build | Farm |
| 16:11 | Create | Villager (Male) |
| 16:35 | Create | Scout Cavalry |
| 16:42 | Research | Forging |
| 17:00 | Build | Farm |
| 17:00 | Build | Farm |
| 17:00 | Build | Farm |
| 17:01 | Build | Farm |
| 17:05 | Create | Villager (Male) |
| 17:28 | Create | Scout Cavalry |
| 17:43 | Build | Watch Tower |
| 17:46 | Create | Villager (Male) |
| 18:25 | Create | Scout Cavalry |
| 18:25 | Create | Scout Cavalry |
| 18:36 | Create | Villager (Male) |
| 18:48 | Create | Scout Cavalry |
| 18:52 | Create | Villager (Male) |
| 19:01 | Create | Villager (Male) |
| 19:03 | Build | Farm |
| 19:33 | Create | Villager (Male) |
| 19:45 | Create | Scout Cavalry |
| 20:04 | Create | Villager (Male) |
Match timeline
| 6:23 | |FMG| TINCHO · first_building Barracks |
| 7:09 | LM | Bumpi · first_building Barracks |
| 7:11 | FMG | Camilo · first_building Barracks |
| 7:15 | |FMG| TINCHO · age_up feudal |
| 7:19 | LM | Gelga · first_building Barracks |
| 7:25 | |FMG| TINCHO · first_building Stable |
| 7:42 | LM | Gelga · age_up feudal |
| 8:01 | FMG | Camilo · age_up feudal |
| 8:04 | FMG | Camilo · first_building Archery Range |
| 8:14 | LM | Gelga · first_building Stable |
| 8:29 | LM | Bumpi · age_up feudal |
| 8:30 | LM | Bumpi · first_building Archery Range |
| 9:34 | LM | Bumpi · wall_segment Palisade Wall x1 |
| 17:50 | LM | Gelga · first_market_sell 100 wood |
| 17:51 | LM | Gelga · first_market_buy 100 stone |
| 19:21 | FMG | Camilo · first_market_sell 100 wood |
| 19:22 | FMG | Camilo · first_market_buy 100 food |
| 19:54 | LM | Gelga · wall_segment Palisade Wall x1 |
| 20:02 | LM | Bumpi · first_market_buy 100 food |
| 20:18 | LM | Bumpi · resign |
[ AI ANALYSIS · 1 CREDIT ]
What really happened in this match?
Wolo.gg analyzes every decision: build order, eco, micro, common mistakes by bracket. Personalized analysis on WhatsApp or Discord in 30 seconds.
Civ guide
Ethiopians
Perfil
Jugador #1780624